 Dungeon Crawl Stone Soup version 0.29-a0-231-g945431f764 (webtiles) character file.

Game seed: 8688620314094969977

93 lunkers the Bolt Thrower (level 4, -8/36 HPs)
             Began as a Demigod Hunter on Feb 28, 2022.
             Mangled by a gnoll
             ... wielding a +0 halberd
              (9 damage)
             ... on level 2 of the Dungeon.
             The game lasted 00:01:46 (1460 turns).

lunkers the Bolt Thrower (Demigod Hunter)           Turns: 1460, Time: 00:01:46

Health: -8/36      AC:  5    Str: 13    XL:     4   Next: 14%
Magic:  6/6        EV: 11    Int: 13    God:
Gold:   60         SH:  0    Dex: 18    Spells: 3/3 levels left

rFire   . . .      SeeInvis .   a - +1 hand crossbow
rCold   . . .      Faith    .   (no shield)
rNeg    . . .      Spirit   .   e - +0 ring mail
rPois   .          Reflect  .   (no helmet)
rElec   .          Harm     .   (no cloak)
rCorr   .          Rampage  .   (no gloves)
Will    .....                   (no boots)
Stlth   +.........              (no amulet)
HPRegen 0.12/turn               (no ring)
MPRegen 0.10/turn               (no ring)

@: no status effects
A: high MP 1, forlorn, divine attributes
a: no special abilities


You were on level 2 of the Dungeon.
You visited 1 branch of the dungeon, and saw 2 of its levels.

You collected 60 gold pieces.

Inventory:

Hand Weapons
 a - a +1 hand crossbow (weapon)
Armour
 e - a +0 ring mail (worn)
Scrolls
 b - a scroll of immolation {unknown}
 f - a scroll of identify {unknown}
 g - 2 scrolls of vulnerability {unknown}
Potions
 c - 2 potions of heal wounds {unknown}
 d - 2 potions of might {unknown}
 h - a potion of curing {unknown}


   Skills:
 - Level 1.7 Fighting
 * Level 5.3 Crossbows
 - Level 1.7 Dodging
 - Level 0.8 Stealth


You had 3 spell levels left.
You didn't know any spells.
Your spell library was empty.

Dungeon Overview and Level Annotations

Branches:
Dungeon (2/15)

Shops:
D:1 :


Innate Abilities, Weirdness & Mutations

You have an increased reservoir of magic. (+10% MP)
You shall have no god before yourself.
Your divine heritage dramatically boosts your attributes as you level up.


Message History

You shoot a bolt. The bolt hits the gnoll!
The gnoll is severely wounded.
The gnoll hits you but does no damage.
The gnoll hits you from afar with a +0 spear.
You shoot a bolt. The bolt barely misses the gnoll.
The bolt closely misses the gnoll.
The gnoll hits you from afar with a +0 spear.
You shoot a bolt. The bolt hits the gnoll.
The gnoll is severely wounded.
The gnoll closely misses you.
The gnoll hits you from afar with a +0 halberd!
* * * LOW HITPOINT WARNING * * *
Shoot: a) +1 hand crossbow
Press: ? - help, Q - select action Shift-Dir - straight line, f/p - gnoll
Aim: a gnoll, wielding a +0 spear (severely wounded, 69% to hit)
You shoot a bolt. The bolt hits the gnoll!
You kill the gnoll!
The gnoll misses you.
Unknown command.
Shoot: a) +1 hand crossbow
Press: ? - help, Q - select action Shift-Dir - straight line, f - gnoll
Aim: a gnoll, wielding a +0 halberd (69% to hit)
You shoot a bolt. The bolt hits the gnoll!
The gnoll is severely wounded.
The gnoll hits you from afar with a +0 halberd!
* * * LOW HITPOINT WARNING * * *
Shoot: a) +1 hand crossbow
Press: ? - help, Q - select action Shift-Dir - straight line, f/p - gnoll
Aim: a gnoll, wielding a +0 halberd (severely wounded, 69% to hit)
You shoot a bolt. The bolt hits the gnoll.
The gnoll is almost dead.
The gnoll hits you from afar with a +0 halberd.
* * * LOW HITPOINT WARNING * * *
The gnoll misses you.
Shoot: a) +1 hand crossbow
Press: ? - help, Q - select action Shift-Dir - straight line, f/p - gnoll
Aim: a gnoll, wielding a +0 halberd (almost dead, 69% to hit)
You shoot a bolt. The bolt barely misses the gnoll.
The gnoll hits you from afar with a +0 halberd!
You die...

....##......#....# ##########...
∩..8.#...####....# #............
####.#...# #....# #...........#
.###.#...####....####...........#
.'.#.#........(.................#
.#.#.#.######...#####...........#
.#.#.#.....##......##...........#
.#.#†...##.##......###.....(...##
.#.#............@..###.........#
.#.#.......###.................#
##.#....##.....g)###############
#.#######.###......# #.#
#...###.##.####### ##.#### #...#
#.##.....>.#
......####...###.########)#
##...........##........##.#
....#.####...##........##.#


You could see a gnoll.

Vanquished Creatures
  2 gnolls (D:2)
  2 adders (D:2)
  A worm (D:2)
  A dart slug (D:1)
  5 endoplasms
  5 giant cockroaches
  6 goblins
  4 hobgoblins
  11 ball pythons
  3 bats (D:1)
  A frilled lizard (D:1)
  4 kobolds
  4 rats
49 creatures vanquished.

Notes
Turn   | Place    | Note
-------+----------+-------------------------------------------
     0 | D:1      | lunkers the Demigod Hunter began the quest for the Orb.
     0 | D:1      | Reached XP level 1. HP: 17/17 MP: 3/3
    64 | D:1      | Reached skill level 4 in Crossbows
   112 | D:1      | Reached XP level 2. HP: 24/24 MP: 4/4
   427 | D:1      | Found Fuxel's Book Shop.
   592 | D:1      | Reached XP level 3. HP: 29/29 MP: 5/5
  1130 | D:2      | Reached skill level 5 in Crossbows
  1222 | D:2      | Reached XP level 4. HP: 36/36 MP: 6/6
  1459 | D:2      | HP: 1/36 [gnoll/+0 halberd (3)]
  1460 | D:2      | Mangled by a gnoll

Illustrated notes

Levels and vault maps discovered:
D:1:      minmay_arrival_radiant_lines, layout_basic, serial_shops,
          shop_fountains
D:2:      layout_basic, basic_altar, hellmonk_ecumenical_altar_arch_garden

Skill      XL: |  1  2  3 |
---------------+----------+-----
Crossbows      | 4 5 |  5.3
Fighting       | |  1.7
Dodging        | |  1.7
Stealth        | |  0.8

Action                   |  1- 3 |  4- 6 || total
-------------------------+-------+-------++-------
 Fire: Hand crossbow     |   111 |    19 ||   130
Armor: Ring mail         |    13 |     2 ||    15
Dodge: Dodged            |    22 |    11 ||    33

Table legend: (Time is in decaauts)
 A = Elapsed time spent in this place.
 B = Non-inter-level travel time spent in this place.
 C = Inter-level travel time spent in this place.
 D = Time resting spent in this place.
 E = Time spent auto-exploring this place.
 F = Levels seen in this place.
 G = Mean time per level.
                   A        B        C        D        E       F      G
               +--------+--------+--------+--------+--------+-----+--------+
         Total |   1509 |   1448 |     61 |    170 |    944 |   2 |  754.5 |
       Dungeon |   1509 |   1448 |     61 |    170 |    944 |   2 |  754.5 |
               +--------+--------+--------+--------+--------+-----+--------+

Top non-repeatable levels by time:
     D:1: 822 daAuts
     D:2: 687 daAuts
